 Dungeon Crawl Stone Soup version 0.17-a0-2002-g92c7e20 (webtiles) character file.

415 brucemayne the Cleaver (level 6, -8/55 HPs)
             Began as a Hill Orc Berserker on Oct 8, 2015.
             Was a Believer of Trog.
             Mangled by an orc warrior
             ... wielding a +0 short sword
              (12 damage)
             ... on level 7 of the Dungeon.
             The game lasted 00:06:43 (1175 turns).

brucemayne the Cleaver (Hill Orc Berserker)         Turns: 1175, Time: 00:06:43

Health: -8/55      AC:  7    Str: 22    XL:     6   Next: 91%
Magic:  6/6        EV: 10    Int:  7    God:    Trog [**....]
Gold:   55         SH:  0    Dex: 10    Spells: 0 memorised, 5 levels left

rFire  . . .     SeeInvis .     r - +0 war axe
rCold  . . .     Clarity  .     m - +0 scale mail
rNeg   . . .     SustAt   .     (no shield)
rPois  .         Gourm    .     j - +0 helmet
rElec  .         Spirit   .     (no cloak)
rCorr  .         Warding  .     (no gloves)
rMut   .         Stasis   .     (no boots)
MR     +....                    (no amulet)
Stlth  ..........               v - ring of protection from magic
                                f - ring of flight

@: exhausted, slowed, very slow, somewhat resistant to hostile enchantments,
extremely unstealthy
A: no striking features
a: Burn Spellbooks, Berserk, Trog's Hand, Renounce Religion, Evoke Flight


You were on level 7 of the Dungeon.
You worshipped Trog.
Trog was pleased with you.
You were very hungry.

You visited 1 branch of the dungeon, and saw 7 of its levels.

You collected 55 gold pieces.

Inventory:

Hand Weapons
 a - a +0 hand axe
 r - a +0 war axe (weapon)
 u - a +2 hand axe of freezing
Armour
 b - a +0 animal skin
 j - a +0 helmet (worn)
 l - a +0 shield
 m - a +0 scale mail (worn)
 n - a +0 ring mail
 q - a +0 chain mail
Jewellery
 f - a ring of flight (left hand)
 g - an uncursed ring of fire
 o - an uncursed amulet of stasis
 v - a ring of protection from magic (right hand)
Wands
 p - a wand of slowing (25)
Scrolls
 d - 4 scrolls of identify {unknown}
 e - a scroll of fear {unknown}
 i - 3 scrolls of magic mapping {unknown}
 s - a scroll of noise {unknown}
Comestibles
 c - 4 bread rations
 h - 2 meat rations
 t - a slice of pizza


   Skills:
 - Level 4.8 Fighting
 + Level 8.3 Axes
 - Level 2.6 Armour
 - Level 2.3 Dodging
 - Level 1.0 Stealth


You had 5 spell levels left.
You didn't know any spells.

Dungeon Overview and Level Annotations

Branches:
Dungeon (7/15)
 Temple: D:4-7

Altars:
Zin

Shops:
D:5 (


Message History

The hippogriff is moderately wounded.
You are no longer berserk.
You are exhausted.
You feel yourself slow down.
You are feeling very hungry.
The hippogriff bites you.
* * * LOW HITPOINT WARNING * * *
The hippogriff pecks you but does no damage.
The hippogriff claws you but does no damage.
The orc warrior closely misses you.
Drink which item? (? for menu, Esc to quit)
Okay, then.
Evoke which item? (* to show all) (? for menu, Esc to quit)
Okay, then.
Drink which item? (? for menu, Esc to quit)
You feel better. The hippogriff barely misses you. The hippogriff pecks you.
* * * LOW HITPOINT WARNING * * *
The hippogriff claws you but does no damage.
The orc warrior hits you with a short sword!
You die...

# #. .# ######
....... .#...
.5o #H####.#
+@o....#
#<..#..#
.......>.....#
#.#.).....#.##
...<.........#
#.#..#.....###
. #.........
## #####.## ..


You could see a hippogriff, an orc warrior, a shadow imp and an orc.

Vanquished Creatures
  A crocodile (D:6)
  A giant frog zombie (D:6)
  A hound (D:4)
  A giant frog skeleton (D:5)
  4 orc priests
  2 orc wizards (D:5)
  Robin (D:4)
  2 adders (D:5)
  An adder skeleton (D:4)
  2 worms (D:4)
  13 orcs
  2 ball pythons
  2 bats
  8 goblins
  4 hobgoblins
  A jackal (D:3)
  A kobold (D:1)
  2 giant cockroaches
  A giant gecko (D:2)
  A rat (D:1)
51 creatures vanquished.

Notes
Turn   | Place    | Note
--------------------------------------------------------------
     0 | D:1      | brucemayne the Hill Orc Berserker began the quest for the Orb.
     0 | D:1      | Reached XP level 1. HP: 19/19 MP: 1/1
   171 | D:2      | Reached XP level 2. HP: 12/27 MP: 2/2
   339 | D:4      | Reached XP level 3. HP: 33/33 MP: 3/3
   391 | D:4      | Noticed Robin
   411 | D:4      | Acquired Trog's second power
   417 | D:4      | Killed Robin
   417 | D:4      | Reached skill level 5 in Axes
   417 | D:4      | Reached XP level 4. HP: 41/41 MP: 4/4
   743 | D:4      | Reached XP level 5. HP: 36/47 MP: 5/5
   779 | D:5      | Entered Level 5 of the Dungeon
   831 | D:5      | Found Gacaum's Weapon Shoppe.
   849 | D:5      | Reached skill level 1 in Stealth
   851 | D:5      | Reached skill level 6 in Axes
   872 | D:5      | Reached XP level 6. HP: 29/55 MP: 6/6
   919 | D:5      | Reached skill level 7 in Axes
  1087 | D:6      | Reached skill level 8 in Axes
  1121 | D:6      | Found a glowing silver altar of Zin.
  1163 | D:7      | Noticed a hippogriff
  1175 | D:7      | Mangled by an orc warrior

Vault maps used:
D:1:      minmay_arrival_semitransparent
D:2:      minitemple
D:3:      first_bread, serial_glass, glass_columns_a, glass_columns_c,
          due_unseen_surprise, feat_on_display, item_on_display_a,
          item_on_display_a
D:4:      lemuel_blue_sif_altar, hex_tiny, uniq_robin
D:5:      serial_shops, nicolae_shop_trees, sigmund_edmund_badplayer
D:6:      kennysheep_little_box, temple_pool_b, portal_sewer_entry_d
D:7:      wad_guarded_room, okawaru_humans, serial_curves, eino_curves_03,
          eino_curves_03, gup_ossuary_entry_pyramid

Action                   |  1- 3 |  4- 6 || total
-------------------------+-------+-------++-------
Melee: Hand axe          |    65 |   115 ||   180
       War axe           |       |    19 ||    19
Invok: Berserk           |     2 |     4 ||     6
       Trog's Hand       |       |     2 ||     2
  Use: Potion            |       |     3 ||     3
 Stab: Sleeping          |     1 |       ||     1
  Eat: Chunk             |       |     6 ||     6
